 Dungeon Crawl Stone Soup version 0.28-a0-69-g49dcd67cf8 (webtiles) character file.

Game seed: 17905492955680217810

171 MovingMist the Distorting Demonspawn (level 5, -8/41 HPs)
             Began as a Demonspawn Abyssal Knight on July 31, 2021.
             Was a Believer of Lugonu.
             Mangled by an ogre (22 damage)
             ... on level 4 of the Dungeon.
             The game lasted 00:06:25 (3188 turns).

MovingMist the Distorting Demonspawn (DsAK)         Turns: 3188, Time: 00:06:26

Health: -8/41      AC:  6    Str: 13    XL:     5   Next: 26%
Magic:  9/9        EV: 11    Int: 13    God:    Lugonu [**....]
Gold:   43         SH:  0    Dex: 13    Spells: 4/4 levels left

rFire   . . .      SeeInvis .   a - +1 hand axe
rCold   . . .      Faith    .   (no shield)
rNeg    . . .      Spirit   .   e - +0 ring mail
rPois   .          Reflect  .   p - +0 helmet
rElec   .          Harm     .   (no cloak)
rCorr   .          Rampage  .   (no gloves)
Will    .....                   (no boots)
Stlth   +.........              (no amulet)
HPRegen 0.13/turn               (no ring)
MPRegen 0.11/turn               (no ring)

@: no status effects
A: talons 1, powered by death 2, demonic magic 1
a: Renounce Religion, Depart the Abyss, Bend Space


You were on level 4 of the Dungeon.
You worshipped Lugonu.
Lugonu was pleased with you.
You visited 1 branch of the dungeon, and saw 4 of its levels.
You visited the Abyss 1 time.

You collected 43 gold pieces.

Inventory:

Hand Weapons
 a - a +1 hand axe (weapon)
Missiles
 d - a throwing net
Armour
 e - a +0 ring mail (worn)
 p - a +0 helmet (worn)
Jewellery
 c - a ring of magical power
Scrolls
 b - a scroll of noise {unknown}
 g - a scroll of vulnerability {unknown}
 h - 2 scrolls of identify {unknown}
 i - 3 scrolls of magic mapping {unknown}
 k - a scroll of immolation {unknown}
 m - a scroll of amnesia {unknown}
 n - a scroll of teleportation {unknown}
 o - a scroll of summoning {unknown}
Potions
 f - 2 potions of curing {unknown}
 j - a potion of haste {unknown}
 l - a potion of magic {unknown}


   Skills:
 - Level 3.0 Fighting
 - Level 1.7 Axes
 - Level 1.7 Armour
 + Level 2.6 Dodging
 * Level 6.1 Invocations


You had 4 spell levels left.
You didn't know any spells.
Your spell library contained the following spells:

 Spells                   Type           Power      Damage    Failure   Level
 Sting                    Tmut/Pois      0%         1d3       54%         1
 Poisonous Vapours        Pois/Air       0%         N/A       69%         2
 Olgreb's Toxic Radiance  Pois           0%         N/A       100%        4


Dungeon Overview and Level Annotations

Branches:
Dungeon (4/15)
 Temple: D:4-7

Altars:
Ashenzari
Cheibriados
Elyvilon
Okawaru
Trog


Innate Abilities, Weirdness & Mutations

You have sharp toenails.
You regenerate health from kills.
Spells you cast may paralyse adjacent enemies.


Message History

The orc barely misses you.
You closely miss the orc. You claw the orc, but do no damage.
The orc is heavily wounded.
The orc barely misses you.
You closely miss the orc. You claw the orc, but do no damage.
The orc is heavily wounded.
The orc hits you with a +0 club.
You barely miss the orc.
The orc is heavily wounded.
The orc hits you with a +0 club.
You closely miss the orc. Your kick misses the orc.
The orc is heavily wounded.
The orc hits you but does no damage. The orc closely misses you.
You hit the orc. You claw the orc.
The orc is almost dead.
The orc hits you with a +0 club.
You hit the orc.
You kill the orc!
Lugonu accepts your kill.
You hit the ogre. You claw the ogre.
The ogre is moderately wounded.
The ogre hits you with a +0 giant spiked club!
* * * LOW HITPOINT WARNING * * *
You hit the ogre. Your kick misses the ogre.
The ogre is moderately wounded.
The ogre barely misses you.
You hit the ogre.
The ogre is heavily wounded.
The ogre closely misses you.
You completely miss the ogre. You claw the ogre, but do no damage.
The ogre is heavily wounded.
The ogre closely misses you.
You hit the ogre but do no damage. Your kick misses the ogre.
The ogre is heavily wounded.
The ogre barely misses you.
You slash the ogre! You claw the ogre.
The ogre is severely wounded.
The ogre hits you with a +0 giant spiked club!!
Ouch! That really hurt!
You die...

......... ....# ≈≈≈≈≈.≈.#
#...# ......≈.# #...#
≈...≈.≈.# #...# ≈._.≈.≈.#
#...# ≈...≈.≈.# ##...###
.)....≈.### #......#
≈≈≈≈≈.≈.#.###...)..#
........O@..#...).########
....#.#####....###........
...... ##...# #.≈≈≈≈≈≈≈ .
### #.#.###≈..≈≈≈..
#.#..##≈.≈...≈.
####.##≈.≈._.≈.
#...#≈.≈...≈.
#...#≈..≈≈≈..
#...#.≈≈≈≈≈≈≈


You could see an ogre.

Vanquished Creatures
  A hound (D:4)
  2 hound skeletons (D:4)
  3 adders
  A worm (D:3)
  2 dart slugs (D:1)
  6 orcs
  3 bats (D:1)
  11 endoplasms
  2 giant cockroaches
  5 hobgoblins
  9 jackals
  11 kobolds
  3 quokkas
  2 ball pythons
  4 frilled lizards
  4 goblins
  2 rats (D:3)
71 creatures vanquished.

Vanquished Creatures (others)
  8 plants (D:3)
8 creatures vanquished.

Grand Total: 79 creatures vanquished

Notes
Turn   | Place    | Note
-------+----------+-------------------------------------------
     0 | Abyss:1  | MovingMist the Demonspawn Abyssal Knight began the quest
                  | for the Orb.
     0 | Abyss:1  | Reached XP level 1. HP: 18/18 MP: 2/2
    10 | D:1      | Escaped the Abyss
   140 | D:1      | Reached skill level 1 in Dodging
   342 | D:1      | Reached skill level 3 in Invocations
   530 | D:1      | Gained mutation: You have sharp toenails. [demonic
                  | ancestry]
   530 | D:1      | Reached XP level 2. HP: 24/24 MP: 4/4
  1266 | D:2      | HP: 1/24 [frozen (2)]
  1268 | D:2      | Reached skill level 4 in Invocations
  1268 | D:2      | Gained mutation: You regenerate a little health from kills.
                  | [demonic ancestry]
  1268 | D:2      | Reached XP level 3. HP: 2/29 MP: 4/6
  1581 | D:2      | Found a faded altar of an unknown god.
  1645 | D:2      | Reached ** piety under Lugonu
  1988 | D:3      | Gained mutation: You regenerate health from kills. [demonic
                  | ancestry]
  1988 | D:3      | Reached XP level 4. HP: 30/35 MP: 7/7
  2170 | D:3      | Reached skill level 5 in Invocations
  2184 | D:3      | Found an iron altar of Okawaru.
  2529 | D:3      | Found a snail-covered altar of Cheibriados.
  2948 | D:4      | Gained mutation: Spells you cast may paralyse adjacent
                  | enemies. [demonic ancestry]
  2948 | D:4      | Reached XP level 5. HP: 28/41 MP: 9/9
  3071 | D:4      | Reached skill level 6 in Invocations
  3101 | D:4      | Found a bloodstained altar of Trog.
  3154 | D:4      | Found a broken altar of Ashenzari.
  3156 | D:4      | Noticed an ogre
  3188 | D:4      | Mangled by an ogre

Illustrated notes

Levels and vault maps discovered:
D:1:      dpeg_arrival_long_road, layout_loops_ring
D:2:      layout_basic, serial_rivers, chequers_serial_rivers_small_3,
          chequers_serial_rivers_large_a, chequers_serial_rivers_micro_c,
          chequers_serial_rivers_micro_a, hellmonk_ecumenical_altar_crossroads,
          grunt_ministairs_10, minmay_pentomino_s2
D:3:      layout_basic, marbit_many_paths, mainiacjoe_overflow_24_doors,
          elyvilon_altar_3, palyth_stone_intersect, minmay_misc_feat_doors,
          lexackson_kobold_supper
D:4:      layout_rooms, mainiacjoe_overflow_cross_hatched,
          mainiacjoe_overflow_paths, kennysheep_generic_room_13

Skill      XL: |  1  2  3  4  5 |
---------------+----------------+-----
Dodging        | 1 2 |  2.6
Invocations    | 3 4 5 6 |  6.1
Fighting       | |  3.0
Axes           | |  1.7
Armour         | |  1.7

Action                   |  1- 3 |  4- 6 || total
-------------------------+-------+-------++-------
Melee: Hand axe          |   135 |    99 ||   234
       Kick              |    13 |    24 ||    37
Armor: Leather armour    |    13 |       ||    13
       Ring mail         |    49 |    32 ||    81
Dodge: Dodged            |    83 |    66 ||   149

Table legend: (Time is in decaauts)
 A = Elapsed time spent in this place.
 B = Non-inter-level travel time spent in this place.
 C = Inter-level travel time spent in this place.
 D = Time resting spent in this place.
 E = Time spent auto-exploring this place.
 F = Levels seen in this place.
 G = Mean time per level.
                   A        B        C        D        E       F      G
               +--------+--------+--------+--------+--------+-----+--------+
         Total |   3237 |   3116 |    121 |    511 |   2050 |   5 |  647.4 |
       Dungeon |   3227 |   3106 |    121 |    511 |   2050 |   4 |  806.8 |
         Abyss |     10 |     10 |      0 |      0 |      0 |   1 |   10.0 |
               +--------+--------+--------+--------+--------+-----+--------+

Top non-repeatable levels by time:
     D:1: 1256 daAuts
     D:3: 1143 daAuts
     D:2: 517 daAuts
     D:4: 310 daAuts
 Abyss:1: 10 daAuts
